[Event "Titled Tuesday Blitz August 15 Early 2023"]
[White "Benedetti, Julio"]
[Black "Nakamura, Hikaru"]
[WhiteFideId "172545"]
[BlackFideId "2016192"]
[WhiteElo "2510"]
[BlackElo "3271"]
[Result "1-0"]
[Round "1"]
[TimeControl "180+1"]
[Date "2023.08.15"]
[WhiteClock "0:00:07"]
[BlackClock "0:00:33"]
[Board "1"]

1. e4 c6 2. Nf3 d5 3. exd5 Qxd5 4. Nc3 Qa5 5. d4 Nf6 6. Bc4 Bg4 7. h3 Bh5 8. g4 Bg6 9. Bd2 e6 10. Qe2 Bb4 11. a3 Nbd7 12. O-O-O Bxc3 13. Bxc3 Qc7 14. Ne5 O-O-O 15. Rhe1 Nxe5 16. dxe5 Ne4 17. Qe3 Qb6 18. Bd4 c5 19. Bc3 Qc6 20. f3 Nxc3 21. Qxc3 Kb8 22. Re2 Rxd1+ 23. Kxd1 b5 24. Qb3 a6 25. a4 b4 26. Rd2 Qc7 27. Bxa6 Rd8 28. Rxd8+ Qxd8+ 29. Ke2 Qd4 30. Qe3 Qxb2 31. Qxc5 Qxc2+ 32. Qxc2 Bxc2 33. Bb5 Bb3 34. Ke3 g5 35. f4 gxf4+ 36. Kxf4 Bc2 37. Ke3 Kc7 38. a5 Bb3 39. Be8 Kb7 40. Kd4 Ka6 41. Bxf7 Kxa5 42. g5 Bd5 43. g6 hxg6 44. Bxg6 Ka4 45. h4 Bf3 46. h5 Bxh5 47. Bxh5 b3 48. Kc5 1-0


[Site "https://www.chess.com"]

[Event "Titled Tuesday Blitz August 15 Early 2023"]
[White "Naroditsky, Daniel"]
[Black "Hristodoulou, Panagiotis"]
[WhiteFideId "2026961"]
[BlackFideId "4214340"]
[WhiteElo "3196"]
[BlackElo "2506"]
[Result "1/2-1/2"]
[Round "1"]
[TimeControl "180+1"]
[Date "2023.08.15"]
[WhiteClock "0:01:42"]
[BlackClock "0:00:15"]
[Board "2"]

1. e4 e5 2. Nf3 Nc6 3. Nc3 Nf6 4. d4 exd4 5. Nd5 Nb4 6. Nxf6+ Qxf6 7. a3 Nc6 8. Bd3 Bd6 9. O-O O-O 10. Bg5 Qe6 11. Re1 Be5 12. Nxe5 Nxe5 13. f4 Nxd3 14. Qxd3 d5 15. Qxd4 dxe4 16. Rxe4 Qb6 17. Rae1 Bf5 18. Qxb6 axb6 19. Rc4 f6 20. Bh4 c5 21. b4 Rxa3 22. bxc5 Rc8 23. Bf2 bxc5 24. Rxc5 Rxc5 25. Bxc5 Rc3 26. Re8+ Kf7 27. Re7+ Kg6 28. Bd4 Rxc2 29. Rxb7 Rxg2+ 30. Kxg2 Be4+ 31. Kg3 Bxb7 32. Bc5 Kf5 33. h4 h5 34. Bf8 g6 35. Be7 Bd5 36. Bd8 Bc6 37. Be7 Bd5 38. Bd8 Bc6 39. Kf2 Bd5 40. Ke3 Kg4 41. Bxf6 Kf5 42. Bg5 Be4 43. Kd4 Bf3 44. Kc5 Bg4 45. Kd4 Bf3 46. Ke3 Bg4 47. Kf2 Bd1 48. Ke1 Bb3 49. Kd2 Bd5 50. Ke3 Be4 51. Kd4 Bf3 1/2-1/2


[Site "https://www.chess.com"]

[Event "Titled Tuesday Blitz August 15 Early 2023"]
[White "Mordechai, Hanan"]
[Black "Nihal Sarin"]
[WhiteFideId "2804166"]
[BlackFideId "25092340"]
[WhiteElo "2505"]
[BlackElo "3150"]
[Result "0-1"]
[Round "1"]
[TimeControl "180+1"]
[Date "2023.08.15"]
[WhiteClock "0:00:07"]
[BlackClock "0:00:18"]
[Board "3"]

1. e4 c5 2. Nf3 b6 3. d4 cxd4 4. Nxd4 Bb7 5. Nc3 Nc6 6. Be3 e6 7. Qd2 Nf6 8. O-O-O Nxd4 9. Bxd4 Nxe4 10. Nxe4 Bxe4 11. Bb5 Bc6 12. Bxc6 dxc6 13. Qc3 Rc8 14. f4 Qh4 15. g3 Qh6 16. Rhe1 Rg8 17. Bxb6 Be7 18. Qd2 Kf8 19. Qd7 Re8 20. Qxc6 axb6 21. Rd7 g6 22. Qc7 Qxh2 23. f5 gxf5 24. Red1 Qxg3 25. Rxe7 Qe3+ 26. Kb1 Rxe7 27. Rd8+ Kg7 28. Rxg8+ Kxg8 29. Qd8+ Kg7 0-1


[Site "https://www.chess.com"]

[Event "Titled Tuesday Blitz August 15 Early 2023"]
[White "Vachier-Lagrave, Maxime"]
[Black "arenal72"]
[WhiteFideId "623539"]
[WhiteElo "3140"]
[BlackElo "2503"]
[Result "1-0"]
[Round "1"]
[TimeControl "180+1"]
[Date "2023.08.15"]
[WhiteClock "0:00:33"]
[BlackClock "0:00:01"]
[Board "4"]

1. c4 Nf6 2. g3 e6 3. Bg2 d5 4. Nf3 dxc4 5. Qa4+ Nbd7 6. O-O a6 7. Qxc4 b5 8. Qc2 Bb7 9. b3 Be7 10. Bb2 c5 11. d3 O-O 12. Nbd2 Rc8 13. Rac1 Qb6 14. Qb1 Rfd8 15. Rfd1 h6 16. e3 Nd5 17. Ne4 N7f6 18. Nxf6+ Bxf6 19. Ne5 Nb4 20. Bxb7 Qxb7 21. a3 Nd5 22. d4 Bxe5 23. dxe5 c4 24. Bd4 cxb3 25. Qxb3 Rxc1 26. Rxc1 Rc8 27. Rd1 Kh7 28. h4 h5 29. e4 Ne7 30. Qf3 Kg6 31. Qf4 Nc6 32. Qg5+ Kh7 33. Qxh5+ Kg8 34. Be3 Qe7 35. Rd6 f6 36. exf6 Qxd6 37. f7+ Kf8 38. Bc5 Qxc5 39. Qxc5+ Kxf7 40. h5 Ne7 41. Qa7 Rc6 42. Kg2 e5 43. g4 Ke6 44. g5 Rd6 45. h6 gxh6 46. gxh6 Rd8 47. Qxa6+ Kf7 48. Qxb5 Rh8 49. Qxe5 Rxh6 50. Qc3 Rg6+ 51. Kf1 Rf6 52. a4 Ng6 53. a5 Nf4 54. a6 Kg6 55. Qxf6+ Kxf6 56. a7 1-0


[Site "https://www.chess.com"]

[Event "Titled Tuesday Blitz August 15 Early 2023"]
[White "Hirneise, Jens"]
[Black "So, Wesley"]
[WhiteFideId "24614734"]
[BlackFideId "5202213"]
[WhiteElo "2502"]
[BlackElo "3134"]
[Result "0-1"]
[Round "1"]
[TimeControl "180+1"]
[Date "2023.08.15"]
[WhiteClock "0:00:08"]
[BlackClock "0:00:54"]
[Board "5"]

1. e4 e6 2. d4 d5 3. exd5 exd5 4. Nf3 Bd6 5. Bd3 Nc6 6. c3 Nge7 7. Bg5 Bg4 8. Nbd2 Qd7 9. Bh4 Qe6+ 10. Qe2 Qxe2+ 11. Bxe2 O-O 12. O-O Rfe8 13. Rfe1 Nf5 14. Bg3 Nxg3 15. hxg3 f6 16. Bd3 g6 17. Nf1 Bd7 18. Ne3 Ne7 19. Nc2 c6 20. Re2 Nf5 21. Rae1 Rxe2 22. Rxe2 a5 23. Ne3 Ng7 24. Nd2 a4 25. a3 b5 26. Nc2 Kf7 27. Ne1 h5 28. Nef3 g5 29. Ne1 Rh8 30. Nf1 g4 31. Ne3 f5 32. N1c2 Kf6 33. Nf1 Ne6 34. Nd2 f4 35. Nf1 h4 36. gxh4 Rxh4 37. Re1 Rh8 38. Nd2 Ng5 39. Nf1 f3 40. Nd2 Bh2+ 41. Kf1 Bf4 0-1


[Site "https://www.chess.com"]

[Event "Titled Tuesday Blitz August 15 Early 2023"]
[White "Fedoseev, Vladimir"]
[Black "Kovalevsky, Stanislav"]
[WhiteFideId "24130737"]
[BlackFideId "13508598"]
[WhiteElo "3107"]
[BlackElo "2502"]
[Result "1/2-1/2"]
[Round "1"]
[TimeControl "180+1"]
[Date "2023.08.15"]
[WhiteClock "0:00:06"]
[BlackClock "0:00:08"]
[Board "6"]

1. Nf3 d5 2. g3 Nf6 3. Bg2 c5 4. O-O Nc6 5. d4 e6 6. c4 dxc4 7. Qa4 Bd7 8. dxc5 Bxc5 9. Qxc4 Qb6 10. Nc3 Qb4 11. Qd3 Rd8 12. a3 Qg4 13. h3 Qg6 14. Qxg6 hxg6 15. Bf4 e5 16. Nxe5 Nxe5 17. Bxe5 Bxh3 18. Bxf6 gxf6 19. Rfd1 Bxg2 20. Kxg2 Ke7 21. Nd5+ Ke6 22. Nf4+ Kf5 23. Kf3 Bb6 24. b4 Rh2 25. g4+ Kg5 26. e3 f5 27. Rxd8 Bxd8 28. Rd1 Bc7 29. gxf5 Bxf4 30. fxg6 Kxg6 31. exf4 Rh3+ 32. Ke4 Rxa3 33. Rd6+ Kg7 34. Rd7 b6 35. b5 Ra5 36. Rd5 Kf6 37. Rf5+ Ke6 38. Re5+ Kf6 39. Rd5 Ra4+ 40. Kf3 Rb4 41. Kg4 Ke6 42. Re5+ Kf6 43. Rf5+ Ke6 44. Re5+ Kf6 45. Rh5 Ke6 46. Rh6+ Ke7 47. Rh5 Ke6 48. Re5+ 1/2-1/2


[Site "https://www.chess.com"]

[Event "Titled Tuesday Blitz August 15 Early 2023"]
[White "Iljin, Timofey"]
[Black "Firouzja, Alireza"]
[WhiteFideId "14110180"]
[BlackFideId "12573981"]
[WhiteElo "2501"]
[BlackElo "3090"]
[Result "0-1"]
[Round "1"]
[TimeControl "180+1"]
[Date "2023.08.15"]
[WhiteClock "0:00:01"]
[BlackClock "0:01:47"]
[Board "7"]

1. e4 c5 2. c3 Nf6 3. e5 Nd5 4. d4 cxd4 5. cxd4 d6 6. Nf3 Nc6 7. Bc4 Nb6 8. Bxf7+ Kxf7 9. e6+ Kg8 10. d5 Nb4 11. Nc3 N4xd5 12. Nxd5 Bxe6 13. Nf4 Bf7 14. Ng5 Qe8 15. O-O e5 16. Nd3 Bc4 17. Re1 Qg6 18. Ne4 Re8 19. f3 d5 20. Nec5 e4 21. fxe4 dxe4 22. Kh1 exd3 23. Rxe8 Qxe8 24. b4 Qe2 25. Qg1 Bd5 26. Be3 Nc4 27. a4 Nxe3 28. Qe1 Qxg2# 0-1


[Site "https://www.chess.com"]

[Event "Titled Tuesday Blitz August 15 Early 2023"]
[White "Sarana, Alexey"]
[Black "Shubenkova, Veronika"]
[WhiteFideId "24133795"]
[BlackFideId "44124040"]
[WhiteElo "3087"]
[BlackElo "2501"]
[Result "1-0"]
[Round "1"]
[TimeControl "180+1"]
[Date "2023.08.15"]
[WhiteClock "0:00:37"]
[BlackClock "0:01:00"]
[Board "8"]

1. d4 d5 2. c4 e6 3. Nc3 Nf6 4. cxd5 exd5 5. Bf4 Bd6 6. Bg5 Be7 7. e3 O-O 8. Bd3 c6 9. Nf3 Nbd7 10. O-O Re8 11. Qc2 h6 12. Bf4 Nf8 13. h3 Ne6 14. Bh2 Ng5 15. Ne5 Nd7 16. f4 Nxe5 17. fxe5 b5 18. h4 Ne6 19. Qf2 f6 20. Qf5 Nf8 21. Qh5 Be6 22. Rf2 fxe5 23. Bxe5 Bd6 24. Raf1 Bxe5 25. dxe5 Qb6 26. Rf3 d4 27. Ne4 dxe3 28. Kh1 e2 29. Bxe2 Nd7 30. Rg3 Kh8 31. Rf6 Nf8 32. Rxh6+ gxh6 33. Qxh6+ Nh7 34. Qg7# 1-0


[Site "https://www.chess.com"]

[Event "Titled Tuesday Blitz August 15 Early 2023"]
[White "Delorme, Axel"]
[Black "Bortnyk, Olexandr"]
[WhiteFideId "632023"]
[BlackFideId "14120828"]
[WhiteElo "2501"]
[BlackElo "3080"]
[Result "0-1"]
[Round "1"]
[TimeControl "180+1"]
[Date "2023.08.15"]
[WhiteClock "0:00:00"]
[BlackClock "0:01:55"]
[Board "9"]

1. e4 Nf6 2. e5 Nd5 3. d4 d6 4. c4 Nb6 5. exd6 exd6 6. Nc3 Be7 7. Bd3 O-O 8. b3 c6 9. Nge2 Na6 10. O-O d5 11. c5 Nd7 12. Bf4 Nc7 13. Qc2 g6 14. Rae1 Ne6 15. Bh6 Re8 16. f4 f5 17. g4 Bh4 18. gxf5 gxf5 19. Bxf5 Bxe1 20. Bxh7+ Kh8 21. f5 Nxd4 22. Nxd4 Qh4 23. f6 Qxh6 24. f7 Rf8 25. Rxe1 Qxh7 26. Re8 Qxc2 0-1


[Site "https://www.chess.com"]

[Event "Titled Tuesday Blitz August 15 Early 2023"]
[White "Dubov, Daniil"]
[Black "FunnyDuck66"]
[WhiteFideId "24126055"]
[WhiteElo "3069"]
[BlackElo "2500"]
[Result "1-0"]
[Round "1"]
[TimeControl "180+1"]
[Date "2023.08.15"]
[WhiteClock "0:02:03"]
[BlackClock "0:00:17"]
[Board "10"]

1. d4 Nf6 2. Nf3 e6 3. Bg5 d5 4. Nbd2 Be7 5. e3 O-O 6. Bd3 h6 7. Bf4 c5 8. c3 Nc6 9. g4 Nxg4 10. Rg1 e5 11. Nxe5 Ncxe5 12. dxe5 Bh4 13. Rxg4 Bxg4 14. Qxg4 Bg5 15. O-O-O Qc8 16. Bf5 Qd8 17. Rg1 g6 18. h4 Bxf4 19. Bxg6 Kh8 20. Qxf4 1-0


[Site "https://www.chess.com"]

[Event "Titled Tuesday Blitz August 15 Early 2023"]
[White "Ansh M Shah"]
[Black "Lazavik, Denis"]
[WhiteFideId "25033379"]
[BlackFideId "13515110"]
[WhiteElo "2500"]
[BlackElo "3058"]
[Result "1-0"]
[Round "1"]
[TimeControl "180+1"]
[Date "2023.08.15"]
[WhiteClock "0:00:09"]
[BlackClock "0:00:04"]
[Board "11"]

1. d4 f5 2. c4 Nf6 3. g3 g6 4. Bg2 Bg7 5. Nf3 O-O 6. O-O d6 7. Nc3 c6 8. b3 Na6 9. Bb2 Qc7 10. Rc1 e5 11. Nb5 Qe7 12. dxe5 dxe5 13. Qd6 Qxd6 14. Nxd6 e4 15. Ng5 Nc7 16. Rcd1 h6 17. Nh3 g5 18. f4 g4 19. Nf2 Nce8 20. Nxc8 Rxc8 21. e3 Rf7 22. Rd2 Nd7 23. Bxg7 Kxg7 24. Rfd1 Nef6 25. Bf1 Kf8 26. Rd6 Ke7 27. R6d4 Nc5 28. b4 Ne6 29. Rd6 c5 30. b5 Rff8 31. R1d2 h5 32. Nd1 Rfd8 33. Rxd8 Nxd8 34. Nc3 Nf7 35. Kf2 Nd6 36. a4 Rh8 37. a5 h4 38. Kg2 hxg3 39. hxg3 Rc8 40. Be2 Ke6 41. Kf2 Rh8 42. Kg2 Nc8 43. Bf1 Ne7 44. Be2 Rc8 45. Bf1 Nd7 46. Be2 b6 47. a6 Nf6 48. Bf1 Ne8 49. Be2 Nd6 50. Bf1 Rh8 51. Be2 Ng8 52. Bf1 Nf6 53. Be2 Rh7 54. Bf1 Rh3 55. Be2 Nh5 56. Nd5 Rxg3+ 57. Kf2 Nc8 58. Nc7+ Ke7 59. Nd5+ Kf7 60. Nc7 Rh3 61. Rd7+ Kg6 62. Rd6+ Kg7 63. Rd7+ Kf6 64. Rd8 Ne7 65. Ne8+ Kf7 66. Nc7 Rh2+ 67. Ke1 Ng3 68. Bf1 Rh1 69. Kf2 Nxf1 70. Kg2 Rh3 71. Kxf1 Rxe3 72. Rd7 Rd3 73. Nd5 Rxd5 74. cxd5 Kf6 75. Rxa7 Nxd5 76. Rd7 Nxf4 77. a7 g3 78. a8=Q Ne6 79. Qe8 Ke5 80. Re7 1-0


[Site "https://www.chess.com"]

[Event "Titled Tuesday Blitz August 15 Early 2023"]
[White "Grischuk, Alexander"]
[Black "Martinez Reyes, Pedro Ramon"]
[WhiteFideId "4126025"]
[BlackFideId "3901807"]
[WhiteElo "3058"]
[BlackElo "2500"]
[Result "1-0"]
[Round "1"]
[TimeControl "180+1"]
[Date "2023.08.15"]
[WhiteClock "0:00:57"]
[BlackClock "0:00:08"]
[Board "12"]

1. e4 e6 2. d4 d5 3. e5 c5 4. c3 Be7 5. Qg4 Bf8 6. Nf3 Ne7 7. Bd3 cxd4 8. cxd4 h6 9. Nc3 Nbc6 10. O-O Bd7 11. h4 a6 12. h5 Na5 13. Nh4 Qb6 14. Rb1 Rc8 15. Be3 Nc4 16. Qe2 Nc6 17. Bxc4 dxc4 18. d5 Nd4 19. Qg4 exd5 20. Qxd4 Bc5 21. Nxd5 Qd8 22. Qf4 O-O 23. Rbd1 Qe8 24. Nf6+ gxf6 25. exf6 Bxe3 26. fxe3 Kh7 27. Rxd7 Qxd7 28. Nf5 1-0


[Site "https://www.chess.com"]

[Event "Titled Tuesday Blitz August 15 Early 2023"]
[White "Berezin, Viktor"]
[Black "Duda, Jan-Krzysztof"]
[WhiteFideId "14107872"]
[BlackFideId "1170546"]
[WhiteElo "2500"]
[BlackElo "3045"]
[Result "0-1"]
[Round "1"]
[TimeControl "180+1"]
[Date "2023.08.15"]
[WhiteClock "0:00:07"]
[BlackClock "0:00:08"]
[Board "13"]

1. d4 f5 2. g3 Nf6 3. Bg2 e6 4. Nf3 d5 5. O-O Bd6 6. c4 O-O 7. b3 b6 8. Ba3 Bb7 9. Ne5 c5 10. Nd3 Qe7 11. cxd5 Bxd5 12. dxc5 bxc5 13. Nc3 Bxg2 14. Kxg2 Rd8 15. Qc2 Nc6 16. Nb5 Nd4 17. Nxd4 cxd4 18. Bxd6 Qxd6 19. Rac1 Ne4 20. Qc6 a5 21. Qxd6 Rxd6 22. Rc7 Nc3 23. Ne5 Nxe2 24. Re1 Nc3 25. Nc4 Rda6 26. Rd7 Nxa2 27. Nd6 R6a7 28. Nb7 Re8 29. Re5 Rb8 30. Rb5 Nc3 31. Rb6 h6 32. Kf1 Ne4 33. Ke1 Nf6 34. Rd8+ Rxd8 35. Nxd8 Ne4 36. Nxe6 Rd7 37. f3 Nc3 38. Rb8+ Kf7 39. Nc5 Re7+ 40. Kd2 Re3 41. Rd8 Nb1+ 42. Kc2 Rxf3 43. Rxd4 Rc3+ 44. Kb2 Rxc5 45. Kxb1 Kf6 46. Rd7 g5 47. Kb2 f4 48. Ka3 f3 49. Rd8 Rf5 50. Rd1 f2 51. Rf1 g4 52. Ka4 Kg5 53. b4 axb4 54. Kxb4 h5 55. Kc4 Rf3 56. Kd4 Kf5 57. Kd5 Kf6 58. Ke4 Ke6 59. Kd4 Kd6 60. Ke4 Kc5 61. Rc1+ Kb4 62. Rb1+ Kc3 63. Rc1+ Kd2 64. Rf1 Ke2 0-1


[Site "https://www.chess.com"]

[Event "Titled Tuesday Blitz August 15 Early 2023"]
[White "Indjic, Aleksandar"]
[Black "maksimys18"]
[WhiteFideId "911925"]
[WhiteElo "3029"]
[BlackElo "2499"]
[Result "1-0"]
[Round "1"]
[TimeControl "180+1"]
[Date "2023.08.15"]
[WhiteClock "0:00:39"]
[BlackClock "0:00:07"]
[Board "14"]

1. e4 e6 2. d4 d5 3. Nc3 Bb4 4. e5 c5 5. Bd2 cxd4 6. Nb5 Qe7 7. a3 Bxd2+ 8. Qxd2 Nc6 9. Nd6+ Kf8 10. f4 f6 11. Nf3 Nh6 12. Bb5 Nf7 13. Nxf7 Kxf7 14. O-O Rf8 15. b4 Kg8 16. Bd3 a6 17. Qe1 f5 18. Kh1 Bd7 19. Rg1 Be8 20. Qf2 Bh5 21. Nxd4 Nxd4 22. Qxd4 Rac8 23. a4 Kh8 24. b5 axb5 25. axb5 g5 26. Ra7 Rg8 27. fxg5 Rxg5 28. Qb6 Rcg8 29. Qxb7 Qxb7 30. Rxb7 Bf3 31. Bf1 Be4 32. Rc7 f4 33. h3 f3 34. g4 f2+ 35. Rg2 h5 36. Kh2 Bxg2 37. Kxg2 hxg4 38. h4 Rxe5 39. b6 g3 40. Bd3 Rf8 41. b7 Ref5 42. Rc8 f1=Q+ 43. Bxf1 Rf2+ 44. Kh3 Rxf1 45. b8=Q Kg7 46. Rxf8 Rxf8 47. Qxg3+ Kf7 48. Qe5 Ke7 49. h5 Rf5 50. Qg7+ Kd6 51. h6 e5 52. h7 Kc5 53. h8=Q Kd4 54. c3+ Ke4 55. Qg4+ Rf4 56. Qh7+ Ke3 57. Qg3+ Rf3 58. Qh6+ Ke2 59. Qd2+ Kxd2 60. Qxf3 e4 61. Qf6 e3 62. Qd4+ Ke2 63. Qxd5 Kf1 64. Qf3+ Kg1 65. Qg2# 1-0


[Site "https://www.chess.com"]

[Event "Titled Tuesday Blitz August 15 Early 2023"]
[White "Reprintsev, Alexander"]
[Black "Aronian, Levon"]
[WhiteFideId "14100541"]
[BlackFideId "13300474"]
[WhiteElo "2498"]
[BlackElo "3026"]
[Result "0-1"]
[Round "1"]
[TimeControl "180+1"]
[Date "2023.08.15"]
[WhiteClock "0:01:14"]
[BlackClock "0:01:32"]
[Board "15"]

1. e4 c5 2. b3 d6 3. Bb2 Nf6 4. Bxf6 gxf6 5. Qh5 Nc6 6. Nc3 a6 7. f4 b5 8. a4 b4 9. Bc4 bxc3 10. Qxf7+ Kd7 11. dxc3 Kc7 12. O-O-O Bg4 13. Rd2 Qe8 14. Qxe8 Rxe8 15. Bxa6 e5 16. h3 Bd7 17. Ne2 exf4 18. Nxf4 Bh6 19. Nd5+ Kd8 20. Nxf6 Re6 21. Ng4 Bxd2+ 22. Kxd2 Rf8 23. Bd3 Ne5 24. Nxe5 Rxe5 25. Ke3 Bc6 26. c4 Bxe4 27. Bxe4 Rfe8 28. Kd3 Rxe4 29. Rf1 Re3+ 30. Kd2 Re2+ 31. Kc3 Rxg2 0-1


[Site "https://www.chess.com"]

[Event "Titled Tuesday Blitz August 15 Early 2023"]
[White "Deac, Bogdan-Daniel"]
[Black "Mihailidis, Anastasios"]
[WhiteFideId "1226380"]
[BlackFideId "4205588"]
[WhiteElo "3018"]
[BlackElo "2495"]
[Result "1-0"]
[Round "1"]
[TimeControl "180+1"]
[Date "2023.08.15"]
[WhiteClock "0:00:09"]
[BlackClock "0:00:02"]
[Board "16"]

1. Nf3 d5 2. e3 Nf6 3. c4 e6 4. b3 Be7 5. Bb2 O-O 6. g3 c5 7. Bg2 Nc6 8. O-O b6 9. Qe2 Bb7 10. Ne1 Qd7 11. f4 Ne8 12. Nc3 d4 13. Ne4 Nf6 14. Nf2 Rad8 15. e4 Ne8 16. e5 f5 17. exf6 Nxf6 18. Ned3 Bd6 19. Rae1 Rde8 20. Ne4 Nxe4 21. Bxe4 Nd8 22. Qg2 Bxe4 23. Rxe4 Nc6 24. Rfe1 Rf7 25. R4e2 Rfe7 26. Qe4 Kh8 27. Rf2 Rf7 28. Ref1 Ref8 29. Ne1 e5 30. f5 Rf6 31. Ng2 Ne7 32. g4 Qc6 33. d3 Qxe4 34. dxe4 Nc6 35. Ne1 R6f7 36. Bc1 Be7 37. g5 Rd8 38. h4 Kg8 39. Rf3 Nb4 40. a3 Nc6 41. Bd2 a6 42. Nd3 b5 43. Rc1 b4 44. axb4 Nxb4 45. Bxb4 cxb4 46. Ra1 Ra8 47. Nxe5 Rff8 48. Nd3 a5 49. Ra4 Rfc8 50. e5 Bc5 51. Kg2 Bb6 52. Kg3 Re8 53. Kf4 Bc7 54. Ke4 Ra7 55. f6 g6 56. Kxd4 Kf7 57. Ke4 Ra6 58. Rf1 Rae6 59. Kf3 Bxe5 60. Re1 Bc7 61. Rxe6 Rxe6 62. Nc5 Rc6 63. Ne4 Re6 64. Ra1 Ra6 65. Rd1 Ke6 66. Nc5+ Kf5 67. Nxa6 a4 68. Rd5+ Ke6 69. Nxc7+ Kf7 70. bxa4 b3 71. Rd7+ Kf8 72. Ne6+ Ke8 73. Re7# 1-0


[Site "https://www.chess.com"]

[Event "Titled Tuesday Blitz August 15 Early 2023"]
[White "Baches Garcia, Guillermo"]
[Black "Shimanov, Aleksandr"]
[WhiteFideId "2209764"]
[BlackFideId "4198603"]
[WhiteElo "2493"]
[BlackElo "3013"]
[Result "0-1"]
[Round "1"]
[TimeControl "180+1"]
[Date "2023.08.15"]
[WhiteClock "0:00:04"]
[BlackClock "0:00:11"]
[Board "17"]

1. e4 c5 2. Nf3 e6 3. d4 cxd4 4. Nxd4 a6 5. h3 Nf6 6. Bd3 Qc7 7. O-O d6 8. c4 g6 9. Nc3 Bg7 10. Nf3 O-O 11. Bf4 Rd8 12. Rc1 Nbd7 13. Bb1 Ne5 14. b3 b6 15. Qe2 Bb7 16. Rfd1 Rac8 17. Nxe5 dxe5 18. Bg5 Re8 19. f3 Nh5 20. Be3 Bc6 21. Nd5 exd5 22. cxd5 Qb7 23. dxc6 Rxc6 24. Rxc6 Qxc6 25. Qxa6 Nf4 26. Qxb6 Qc3 27. a4 Bh6 28. Bxf4 Bxf4 29. Kh1 Be3 30. Qb5 Rc8 31. Qd3 Qc5 32. Qd5 Qc3 33. Bd3 Qb2 34. Bc4 Rf8 35. a5 Qf2 36. Qd3 Bf4 37. Qf1 Qg3 38. Qg1 Kg7 39. a6 Ra8 40. Rd7 h5 41. Rxf7+ Kh6 42. a7 Rd8 43. Bd5 Rc8 44. a8=Q Rc1 45. Qh8+ Kg5 46. Qf6+ Kh6 47. Qg7+ Kg5 48. Rf5+ Kh4 49. Qf6+ g5 50. Qb6 Qh2# 0-1


[Site "https://www.chess.com"]

[Event "Titled Tuesday Blitz August 15 Early 2023"]
[White "Paravyan, David"]
[Black "Shishkov, Andrei"]
[WhiteFideId "4194985"]
[BlackFideId "4500563"]
[WhiteElo "3009"]
[BlackElo "2492"]
[Result "1/2-1/2"]
[Round "1"]
[TimeControl "180+1"]
[Date "2023.08.15"]
[WhiteClock "0:01:09"]
[BlackClock "0:00:26"]
[Board "18"]

1. Nf3 Nf6 2. g3 b5 3. Bg2 Bb7 4. Na3 b4 5. Nc4 a5 6. O-O e6 7. a3 Be7 8. b3 O-O 9. Bb2 d5 10. Nce5 Nbd7 11. axb4 axb4 12. Rxa8 Qxa8 13. Qa1 Qxa1 14. Rxa1 Ra8 15. Rxa8+ Bxa8 16. Nxd7 Nxd7 17. Ne5 Nxe5 18. Bxe5 c5 19. f4 f6 20. Bb2 Kf7 21. Kf2 Bc6 22. d3 Bd6 23. e4 Ke7 24. h4 h5 25. Bf3 g6 26. e5 fxe5 27. Bxe5 Bxe5 28. fxe5 Kd7 29. d4 c4 30. Ke3 c3 31. Be2 Ke7 32. Bd3 Kf7 33. Kf4 Kg7 34. Kg5 Be8 35. Be2 Bd7 36. Bf1 Ba4 37. Bd3 Be8 38. Be2 Ba4 39. Bd1 Bb5 40. g4 hxg4 41. Bxg4 Bd3 42. Bd1 Bf5 43. h5 gxh5 44. Kxh5 Kf7 45. Kh6 Be4 46. Bh5+ Ke7 47. Bd1 Kf7 48. Bh5+ Ke7 49. Bd1 Kf7 1/2-1/2


[Site "https://www.chess.com"]

[Event "Titled Tuesday Blitz August 15 Early 2023"]
[White "Andreikin, Dmitry"]
[Black "Goncalves, Davi Sulzbacher"]
[WhiteFideId "4158814"]
[BlackFideId "2154510"]
[WhiteElo "3007"]
[BlackElo "2490"]
[Result "1-0"]
[Round "1"]
[TimeControl "180+1"]
[Date "2023.08.15"]
[WhiteClock "0:01:38"]
[BlackClock "0:00:57"]
[Board "20"]

1. d4 Nf6 2. c4 g6 3. Nc3 d5 4. cxd5 Nxd5 5. e4 Nxc3 6. bxc3 Bg7 7. Be3 c5 8. Qd2 O-O 9. Nf3 Qa5 10. Rb1 cxd4 11. cxd4 Nc6 12. Bb5 Qxd2+ 13. Kxd2 Rd8 14. Bxc6 bxc6 15. Rhc1 Bg4 16. Rxc6 Bxf3 17. gxf3 Bxd4 18. Rb7 Rab8 19. Rxb8 Bxe3+ 20. Kxe3 Rxb8 21. Rc7 a5 22. Rc5 a4 23. Rc4 Ra8 24. f4 f6 25. a3 Kf7 26. Rb4 Ra7 27. Kd4 Ra5 28. f3 Rh5 29. Rb2 Rxh2 30. Rxh2 1-0


[Site "https://www.chess.com"]

[Event "Titled Tuesday Blitz August 15 Early 2023"]
[White "feuervogel1000000"]
[Black "Martinez Alcantara, Jose Eduardo"]
[BlackFideId "3805662"]
[WhiteElo "2488"]
[BlackElo "3006"]
[Result "0-1"]
[Round "1"]
[TimeControl "180+1"]
[Date "2023.08.15"]
[WhiteClock "0:00:01"]
[BlackClock "0:00:45"]
[Board "21"]

1. d4 Nf6 2. c4 e6 3. Nf3 Bb4+ 4. Bd2 c5 5. Bxb4 cxb4 6. g3 b6 7. Bg2 Bb7 8. O-O a5 9. a3 Na6 10. Nbd2 O-O 11. Re1 d6 12. e4 Qc7 13. e5 dxe5 14. dxe5 Nd7 15. Qe2 Nac5 16. Qe3 bxa3 17. Rxa3 Rad8 18. h4 h6 19. h5 Rfe8 20. Nf1 Nb8 21. N1h2 Bxf3 22. Bxf3 Qe7 23. Ng4 Qg5 24. Qxg5 hxg5 25. h6 Rd4 26. Kg2 Nbd7 27. Rh1 gxh6 28. Rxh6 Kg7 29. Rh5 Kf8 30. Rxg5 Ke7 31. Rg7 Rxc4 32. Re3 Rf8 33. Be2 Re4 34. Rxe4 Nxe4 35. Bb5 Nec5 36. f4 Rh8 37. Ne3 Kf8 38. Rg5 Ke7 39. Rg7 Kf8 40. Rg4 f5 41. exf6 Nxf6 42. Rg5 Nfe4 43. Re5 Nd6 44. Be2 Nf7 45. Rh5 Rg8 46. Kf3 Nd6 47. g4 Rg7 48. g5 Ke7 49. Ng4 Nf5 50. Bc4 b5 51. Ba2 Nd3 52. Ke4 Ng3+ 53. Kxd3 Nxh5 54. Ke4 Rf7 55. Ne5 Rxf4+ 56. Ke3 Rf5 57. Nc6+ Kd6 58. Nxa5 Rxg5 59. Bb1 Nf6 60. Bd3 Nd5+ 61. Kd2 Rg2+ 62. Kc1 b4 63. Nb3 Nf4 64. Bc4 e5 65. Nd2 Kc5 66. Bf1 Rh2 67. Kc2 Nd5 68. Kd3 Nf4+ 69. Ke3 Kc6 70. Ne4 Rxb2 71. Bc4 Nd5+ 72. Kd3 Rh2 73. Bxd5+ Kxd5 74. Nf6+ 0-1


[Site "https://www.chess.com"]

[Event "Titled Tuesday Blitz August 15 Early 2023"]
[White "Bluebaum, Matthias"]
[Black "Nguyen Hong Nhung"]
[WhiteFideId "24651516"]
[BlackFideId "12412201"]
[WhiteElo "3006"]
[BlackElo "2488"]
[Result "1-0"]
[Round "1"]
[TimeControl "180+1"]
[Date "2023.08.15"]
[WhiteClock "0:00:22"]
[BlackClock "0:00:14"]
[Board "22"]

1. d4 f5 2. c4 Nf6 3. Nf3 g6 4. e3 Bg7 5. b4 O-O 6. Be2 d6 7. Bb2 Ne4 8. O-O Qe8 9. Nc3 c6 10. Nxe4 fxe4 11. Nd2 d5 12. cxd5 cxd5 13. Qb3 e6 14. Rac1 Bd7 15. b5 Qd8 16. a4 Be8 17. f3 exf3 18. Nxf3 Nd7 19. Ba3 Rf7 20. Bd3 Rc8 21. Rxc8 Qxc8 22. e4 Nf6 23. Ng5 Rc7 24. e5 Ng4 25. Qb4 Bf7 26. h3 Ne3 27. Rxf7 Rxf7 28. Nxf7 Kxf7 29. Qe7+ Kg8 30. Bd6 Bh6 31. Kh2 Bf4+ 32. g3 Bh6 33. Qc7 Qxc7 34. Bxc7 Nd1 35. Bb8 a6 36. bxa6 bxa6 37. Bxa6 Be3 38. Ba7 Nc3 39. a5 Kf7 40. Bd3 Ke7 41. Bc5+ Kd7 42. a6 Kc6 43. a7 Kb7 44. Ba6+ Ka8 45. Bc8 Na4 46. Bd6 Kxa7 47. Bxe6 Bxd4 48. Bxd5 Nc3 49. Bg8 Kb6 50. e6 Nd5 51. e7 Nxe7 52. Bxe7 h6 53. Bf7 g5 54. Kg2 Bg7 55. Kf3 Kc6 56. Kg4 Kd7 57. Bb4 Kd8 58. Kf5 Kd7 59. g4 Kc6 60. Kg6 Be5 61. Bf8 Bf4 62. Bxh6 Kd6 63. Bxg5 Bg3 64. Bf6 Kd7 65. h4 Bf4 66. h5 Bd6 67. g5 Bc5 68. h6 Bf8 69. h7 Bd6 70. h8=N Kc6 71. Kf5 Bc5 72. Ke6 Kb5 73. g6 Be3 74. g7 Kc4 75. Ng6 Kd3 76. g8=Q Ke2 77. Qe8 Kf3 78. Qc6+ Kg4 79. Ne5+ Kh3 80. Qf3+ Kh2 81. Ng4+ Kg1 82. Qxe3+ Kf1 83. Qf2# 1-0


[Site "https://www.chess.com"]